 Dungeon Crawl Stone Soup version 0.28.0-43-g3370ac3207 (webtiles) character file.

Game seed: 15519735711421290447

123 adizb the Grave Robber (level 4, -4/33 HPs)
             Began as a Mummy Necromancer on Mar 15, 2022.
             Shot with an arrow by a centaur (10 damage)
             ... on level 4 of the Dungeon.
             The game lasted 00:12:16 (2245 turns).

adizb the Grave Robber (Mummy Necromancer)          Turns: 2245, Time: 00:12:16

Health: -4/33      AC:  3    Str: 11    XL:     4   Next: 80%
Magic:  9/10       EV: 12    Int: 25    God:
Gold:   94         SH:  0    Dex: 12    Spells: 3/12 levels left

rFire   x . .      SeeInvis .   g - +1 war axe of Lucaicw {freeze, Contam Fragile rCorr Int+9}
rCold   + . .      Faith    .   (no shield)
rNeg    + + +      Spirit   .   a - +0 robe
rPois   ∞          Reflect  .   (no helmet)
rElec   .          Harm     .   h - +0 cloak
rCorr   +          Rampage  .   (no gloves)
Will    .....                   (no boots)
Stlth   ++........              (no amulet)
HPRegen 0.11/turn               (no ring)
MPRegen 0.12/turn               (no ring)

@: no status effects
A: cold resistance 1, negative energy resistance 3, torment resistance 2, heat
vulnerability 1, no potions
a: no special abilities


You were on level 4 of the Dungeon.
You visited 1 branch of the dungeon, and saw 4 of its levels.

You collected 94 gold pieces.

Inventory:

Hand Weapons
 c - a +0 whip
 g - the +1 war axe of Lucaicw (weapon) {freeze, Contam Fragile rCorr Int+9}
   (You found it on level 3 of the Dungeon)

   It freezes those it strikes, dealing additional cold damage.
   It can also slow down cold-blooded creatures.
   Int:       It affects your intelligence (+9).
   Contam:    It causes magical contamination when unequipped.
   rCorr:     It protects you from acid and corrosion.
   Fragile:   It will be destroyed if unequipped.
Armour
 a - a +0 robe (worn)
 h - a +0 cloak (worn)
Jewellery
 e - an amulet of the acrobat
Scrolls
 b - 3 scrolls of enchant armour {unknown}
 d - 3 scrolls of identify {unknown}
 f - a scroll of enchant weapon {unknown}


   Skills:
 + Level 1.7 Fighting
 - Level 1.5 Dodging
 - Level 1.5 Stealth
 * Level 4.5 Spellcasting
 * Level 5.0 Necromancy


You had 3 spell levels left.
You knew the following spells:

 Your Spells              Type           Power      Damage    Failure   Level
a - Pain                  Necr           100%       1d9       1%          1
b - Animate Skeleton      Necr           60%        N/A       1%          1
c - Vampiric Draining     Necr           30%        2d8       3%          3
d - Animate Dead          Necr           15%        N/A       11%         4

Your spell library contained the following spells:

 Spells                   Type           Power      Damage    Failure   Level
 Agony                    Necr           30%        N/A       30%         5


Dungeon Overview and Level Annotations

Branches:
Dungeon (4/15)
 Temple: D:4-7

Altars:
Fedhas
Qazlal


Innate Abilities, Weirdness & Mutations

You are immune to poison.
Your flesh is cold resistant. (rC+)
You are immune to negative energy. (rN+++)
You are immune to unholy pain and torment.
You are vulnerable to heat. (rF-)
You do not drink.


Message History

The adder writhes in agony.
Aiming: Pain (safe; 1% risk of failure)
Press: ? - help, Q - select action, (/) - cycle Shift-Dir - straight line, f/p - adder
Aim: an adder (heavily wounded, chance to affect: 88%)
The adder writhes in agony!
You kill the adder!
Your Necromancy skill increases to level 5!
Casting: Pain (safe; 1% risk of failure)
Confirm with . or Enter, or press ? or * to list all spells.
The spell is quite dangerous to miscast (11% risk of failure)!
Continue anyway? [Y]es or [N]o only, please.
The spell is quite dangerous to miscast (11% risk of failure)!
Continue anyway?
You call on the dead to rise...
The dead are slithering!
The sky beast hits your adder zombie. The sky beast shocks your adder zombie.
Your adder zombie is destroyed!
The sky beast flickers out of sight!
Deactivating autopickup; reactivate with Ctrl-A.
You climb upwards.
Reactivating autopickup.
There is a stone staircase leading down here.
You see here 21 stones.
There is a stone staircase leading down here.
You climb downwards.
There is a stone staircase leading up here.
A kobold comes into view. It is wielding a +0 club.
Found a scratched copper ring.
A goblin comes into view. It is wielding a +0 dagger.
The goblin shouts!
A centaur comes into view.
The centaur wields a +0 shortbow.
The centaur shoots an arrow.
The arrow closely misses you.
The centaur shoots an arrow.
The arrow hits you!
The centaur shoots an arrow.
The arrow hits you.
The centaur shoots an arrow.
The arrow completely misses you.
You hear a shout!
The centaur shoots an arrow.
The arrow hits you.
The centaur shoots an arrow.
The arrow hits you.
* * * LOW HITPOINT WARNING * * *
There is a stone staircase leading up here.
The centaur shoots an arrow.
The arrow hits you!
You die...

.... ......
...... .
......#########
.
........#.....#
.
.......c.....@#
.
........#.....#
.
........gK....#
.
.........######
. ..=.....## .
........# .
......... .
......... .
.........#


You could see a centaur, a goblin and a kobold.

Vanquished Creatures
  6 adders
  A worm (D:2)
  A dart slug (D:3)
  8 bats
  3 endoplasms
  4 giant cockroaches
  3 goblins
  7 hobgoblins
  A quokka (D:3)
  10 ball pythons
  A frilled lizard (D:3)
  7 kobolds
  8 rats
60 creatures vanquished.

Vanquished Creatures (collateral kills)
  A giant cockroach (D:1)
  2 goblins (D:1)
  A frilled lizard (D:1)
  2 rats
6 creatures vanquished.

Grand Total: 66 creatures vanquished

Notes
Turn   | Place    | Note
-------+----------+-------------------------------------------
     0 | D:1      | adizb the Mummy Necromancer began the quest for the Orb.
     0 | D:1      | Reached XP level 1. HP: 13/13 MP: 4/4
   215 | D:1      | Reached XP level 2. HP: 10/20 MP: 1/6
   226 | D:1      | Learned a level 1 spell: Animate Skeleton
   664 | D:1      | Reached XP level 3. HP: 15/25 MP: 2/8
   666 | D:1      | Reached skill level 1 in Fighting
   675 | D:1      | Found a faded altar of an unknown god.
  1163 | D:2      | Reached XP level 4. HP: 24/32 MP: 7/10
  1167 | D:2      | Learned a level 3 spell: Vampiric Draining
  1172 | D:2      | Learned a level 4 spell: Animate Dead
  1233 | D:2      | Found a stormy altar of Qazlal.
  1614 | D:3      | Identified the +1 war axe of Lucaicw {freeze, Contam
                  | Fragile rCorr Int+9}
  1686 | D:3      | Found a blossoming altar of Fedhas.
  2192 | D:4      | Noticed a sky beast
  2198 | D:4      | Reached skill level 5 in Necromancy
  2238 | D:4      | Noticed a centaur
  2245 | D:4      | Shot with an arrow by a centaur

Illustrated notes

Levels and vault maps discovered:
D:1:      matt_arrival_diagonals, layout_basic,
          shapermc_ecumenical_altar_acropolis
D:2:      layout_basic, basic_altar
D:3:      layout_basic, fedhas_ov_isle_minmay
D:4:      cheibrodos_helix_gallery, layout_rooms,
          minmay_temple_entry_statues_fountains, serial_shops,
          nicolae_take_the_stairs

Skill      XL: |  1  2  3  4 |
---------------+-------------+-----
Spellcasting   | 3 4 |  4.5
Fighting       | 1 |  1.7
Necromancy     | 5 |  5.0
Dodging        | |  1.5
Stealth        | |  1.5

Action                   |  1- 3 |  4- 6 || total
-------------------------+-------+-------++-------
Melee: Unarmed           |     6 |       ||     6
       Whip              |    40 |     7 ||    47
       War axe           |       |    28 ||    28
 Cast: Pain              |    63 |    13 ||    76
       Animate Skeleton  |    10 |       ||    10
       Animate Dead      |       |     2 ||     2
 Stab: Sleeping          |     1 |     3 ||     4
Armor: Robe              |    14 |     4 ||    18
Dodge: Dodged            |    43 |    28 ||    71
